Map: Zen LE

Players

jdubya - Winner!

  • Race: Terran Terran
  • League: Diamond
  • Spawn Location: 1:00

SNSD

  • Race: Zerg Zerg
  • League: Platinum
  • Spawn Location: 7:00

VOD

Have the link to the VOD?

Description

Time

  • Played on: Feb. 19, 2020, 2:53 a.m.
  • Length: 24:13
Show
View Real Time Build Order
Export as new Build Order

jdubya Terran - Winner!

Build Orders: 2 Factory, Hellion Opening 

Get SALT Encoding   

  12  0:01  SCV  
  13  0:13  SCV  
  14  0:17  Supply Depot  
  14  0:25  SCV  
  14  0:28  Refinery  
  15  0:39  SCV  
  16  0:46  Barracks  
  16  0:51  SCV  
  17  1:03  SCV  
  18  1:16  SCV  
  19  1:34  Marine, Factory  
  19  1:35  Orbital Command  
  19  1:38  Refinery  
  20  1:43  Supply Depot  
  20  2:00  SCV  
  21  2:01  Barracks Reactor  
  21  2:12  SCV  
  22  2:16  Supply Depot  
  22  2:21  Factory  
  22  2:29  SCV  
  23  2:41  SCV  
  24  2:44  Barracks Tech Lab  
  24  2:47  Hellion x2  
  28  2:54  SCV  
  29  2:59  Supply Depot  
  29  3:08  Hellion x2  
  33  3:13  Barracks Tech Lab  
  33  3:15  Armory  
  33  3:21  Infernal Pre-Igniter  
  33  3:22  Supply Depot  
  33  3:29  Hellion  
  35  3:43  Starport  
  35  3:47  Hellion  
  37  3:50  Hellion  
  39  3:56  Hellion  
  41  4:03  Terran Vehicle And Ship Armor Level 1  
  41  4:14  Hellion  
  43  4:20  Siege Tank  
  46  4:29  Starport Reactor  
  46  4:31  Supply Depot  
  46  4:40  Smart Servos  
  46  4:53  Command Center  
  32  5:20  Siege Tank  
  31  5:27  Ghost Academy  
  31  5:31  Barracks  
  31  5:32  Barracks  
  31  5:44  Hellbat x2  
  31  5:47  SCV  
  36  5:58  Terran Vehicle Weapons Level 1  
  36  6:03  Personal Cloaking  
  36  6:07  Medivac  
  38  6:22  Engineering Bay  
  38  6:25  Orbital Command  
  38  6:26  SCV  
  38  6:31  Barracks Tech Lab  
  38  6:32  Barracks Reactor  
  39  6:38  SCV  
  40  6:44  Stimpack  
  40  6:47  Marine  
  40  6:48  Engineering Bay  
  40  6:50  SCV  
  40  6:51  Refinery  
  40  6:52  Marine  
  40  6:53  Refinery  
  43  6:56  Combat Shield  
  43  7:02  SCV, Hellbat  
  43  7:04  SCV  
  43  7:05  Marine  
  48  7:09  Marine x2  
  50  7:19  Medivac  
  52  7:30  Command Center  
  52  7:36  Missile Turret  
  52  7:40  Missile Turret  
  52  7:43  Missile Turret  
  52  7:47  Missile Turret  
  52  7:54  Missile Turret  
  52  7:57  Hi-Sec Auto Tracking  
  52  7:58  Neosteel Armor  
  52  8:01  SCV  
  52  8:03  SCV  
  54  8:13  SCV  
  54  8:15  SCV, Drilling Claws  
  56  8:22  Nuke  
  56  8:25  SCV  
  57  8:27  SCV  
  57  8:31  Marine x2  
  62  8:37  SCV  
  62  8:39  SCV  
  64  8:42  Viking  
  66  8:49  SCV, Missile Turret  
  67  8:58  Unknown  
  67  9:01  Missile Turret  
  67  9:02  Marine x3  
  72  9:12  Terran Infantry Weapons Level 1  
  72  9:13  Orbital Command  
  72  9:17  SCV x2  
  72  9:20  Marine  
  75  9:29  SCV  
  75  9:30  Unknown  
  76  9:33  Marine  
  76  9:34  Marine  
  76  9:38  Marine  
  81  9:39  Hellbat x2  
  85  9:50  Hellbat  
  85  9:51  Marine x2  
  89  9:54  Terran Infantry Armor Level 1  
  89  9:55  Marine  
  90  10:00  Hellbat  
  90  10:02  Unknown, Terran Vehicle And Ship Armor Level 2  
  92  10:10  Marine  
  93  10:55  Nuke  
  93  11:05  Marine  
  93  11:06  Marine x2  
  93  11:07  Medivac  
  82  11:14  Siege Tank  
  82  11:15  Hellbat x2  
  75  11:37  Hellbat x2  
  75  11:39  Marine  
  79  11:40  Marine  
  79  11:47  Siege Tank  
  83  11:57  Marine  
  83  11:58  Hellbat x2, Marine  
  83  12:00  Command Center  
  89  12:07  Unknown x2, Marine x2  
  91  12:18  Terran Vehicle Weapons Level 2  
  91  12:19  Hellbat  
  93  12:47  SCV x3, Hellbat x2, Refinery  
  93  12:48  Refinery  
  93  12:50  Supply Depot  
  100  12:52  Supply Depot  
  100  12:58  Starport  
  100  12:59  SCV x3  
  103  13:11  SCV x3  
  106  13:16  Missile Turret  
  106  13:22  Planetary Fortress  
  106  13:23  SCV x3  
  106  13:24  Missile Turret  
  109  13:36  SCV x3, Sensor Tower  
  112  13:48  SCV  
  113  13:49  Terran Infantry Armor Level 2, Terran Infantry Weapons Level 2  
  113  13:51  Enhanced Shockwaves  
  113  13:57  Missile Turret  
  113  13:58  Supply Depot  
  113  14:00  Supply Depot  
  113  14:01  Starport Tech Lab  
  113  14:04  Fusion Core  
  113  14:05  Starport Reactor  
  113  14:15  Missile Turret  
  113  14:16  Missile Turret  
  113  14:20  Missile Turret  
  107  14:26  Command Center  
  107  14:29  Missile Turret  
  83  14:34  Terran Vehicle And Ship Armor Level 3  
  79  14:38  Marine  
  79  14:39  Marine  
  79  14:41  Hellbat x3  
  88  14:48  Sensor Tower  
  82  14:56  Marine  
  82  14:57  Marine  
  83  15:06  Unknown, Marine  
  84  15:07  Unknown  
  85  15:14  Marine x2  
  85  15:18  Factory  
  85  15:20  Factory  
  87  15:30  SCV x4  
  87  15:35  Unknown  
  91  15:42  SCV  
  92  15:52  Liberator x3  
  93  17:00  Nuke  
  93  17:04  Factory Tech Lab x2, Siege Tank  
  93  17:06  Hellbat x2  
  104  17:08  Marine  
  104  17:09  Marine  
  106  17:26  Marine  
  106  17:27  Hellbat x2, Marine  
  112  17:36  Unknown x2, Marine, Siege Tank  
  104  17:44  Marine  
  104  17:45  Marine  
  88  18:05  Unknown  
  87  18:08  Thor, Siege Tank x2  
  99  18:40  Thor  
  105  18:43  Nuke  
  101  19:26  Marine x2  
  101  19:28  Thor  
  101  19:30  Hellbat  
  95  19:44  Marine x2  
  95  19:45  Hellbat x2  
  100  19:53  Hellbat x2  
  100  19:54  Unknown x2  
  108  20:01  Marine  
  108  20:02  Marine  
  106  20:19  Marine  
  106  20:20  Marine  
  103  20:22  Unknown, Marine x2  
  103  20:23  Unknown  
  105  20:37  Marine x2  
  105  20:40  Marine x2  
  105  20:55  Marine x2  
  107  20:58  Marine  
  110  21:11  SCV, Planetary Fortress  
  108  21:12  SCV x3  
  108  21:13  Marine  
  113  21:23  SCV  
  113  21:24  SCV x3  
  111  21:27  Unknown  
  113  21:36  SCV x2  
  113  21:44  Unknown  
  115  21:48  Medivac x4  
  115  21:49  Marine x2  
  122  21:55  Unknown  
  123  22:07  Hellbat x3, Marine x2  
  123  22:08  Hellbat  
  130  22:13  Unknown  
  130  22:24  Unknown, Marine  
  130  22:25  Marine x2  
  131  22:40  Refinery  
  131  22:41  Unknown, Marine  
  131  22:42  Refinery  
  131  22:43  Marine x2  
  136  22:52  Command Center  
  136  23:00  Marine  
  135  23:10  Unknown  
  132  23:28  Unknown  
Show
View Real Time Build Order
Export as new Build Order

SNSD Zerg 

Build Orders: Hatch First 

Get SALT Encoding   

  12  0:01  Drone  
  13  0:13  Drone  
  14  0:16  Overlord  
  14  0:23  Drone, Extractor  
  15  0:37  Drone  
  15  0:38  Drone  
  17  0:47  Drone  
  18  1:00  Hatchery  
  18  1:01  Drone  
  18  1:02  Extractor  
  17  1:07  Drone  
  18  1:19  Spawning Pool  
  18  1:21  Drone  
  18  1:29  Drone  
  19  1:40  Overlord  
  19  1:58  Drone  
  20  2:06  Queen  
  20  2:07  Zergling x2  
  23  2:12  Zergling x2, Queen  
  23  2:14  Zergling x2  
  27  2:20  Metabolic Boost  
  27  2:24  Drone x2  
  29  2:36  Drone x2  
  31  2:50  Drone x2  
  33  2:53  Queen  
  33  2:55  Overlord  
  33  2:56  Drone  
  36  3:09  Overlord  
  36  3:18  Burrow  
  36  3:23  Zergling x2, Roach Warren  
  36  3:24  Zergling x2  
  36  3:25  Zergling x8  
  36  3:26  Overlord  
  41  3:37  Spine Crawler  
  41  3:38  Drone x3  
  43  3:58  Queen  
  43  3:59  Drone x4  
  49  4:08  Drone x4  
  53  4:10  Drone x2  
  53  4:15  Spore Crawler  
  54  4:24  Drone  
  54  4:29  Pneumatized Carapace  
  54  4:30  Extractor x2  
  53  4:38  Drone  
  54  4:46  Roach x2  
  54  4:47  Overlord x2, Roach  
  45  5:03  Zergling x4  
  43  5:13  Drone  
  43  5:14  Drone x8  
  43  5:20  Drone  
  41  5:27  Drone  
  42  5:30  Extractor  
  42  5:31  Lair  
  42  5:32  Drone  
  42  5:37  Drone  
  43  5:46  Drone  
  43  5:49  Hatchery  
  43  5:50  Drone  
  43  5:51  Drone  
  45  6:01  Drone  
  45  6:02  Zergling x2  
  47  6:07  Drone x3  
  50  6:14  Drone x2  
  50  6:15  Drone x2  
  50  6:17  Drone  
  55  6:25  Drone  
  55  6:28  Drone  
  57  6:35  Zergling x2  
  57  6:36  Zergling x6  
  57  6:37  Evolution Chamber  
  60  6:40  Evolution Chamber  
  60  6:44  Drone  
  60  6:53  Drone x4  
  64  6:58  Drone  
  64  6:59  Spire  
  64  7:05  Baneling Nest  
  63  7:10  Queen  
  63  7:11  Drone x4  
  63  7:12  Drone  
  70  7:23  Drone x2  
  70  7:24  Drone  
  70  7:26  Zerg Ground Armor Level 1  
  70  7:28  Drone x2  
  75  7:34  Spore Crawler  
  74  7:40  Drone x2  
  74  7:42  Drone x3  
  74  7:43  Drone x3  
  82  7:46  Overlord x2  
  82  7:51  Extractor  
  81  7:54  Extractor  
  81  7:56  Overlord x2  
  80  8:05  Hatchery  
  80  8:06  Drone x2  
  80  8:07  Hydralisk Den  
  80  8:10  Zerg Melee Weapons Level 1  
  80  8:11  Drone  
  80  8:12  Drone  
  82  8:16  Drone  
  82  8:19  Drone x3  
  86  8:21  Overseer  
  86  8:25  Zergling x2  
  86  8:26  Zergling x10  
  92  8:28  Centrifical Hooks  
  92  8:37  Infestation Pit  
  92  8:40  Drone x2  
  93  8:46  Zergling x18  
  102  8:56  Zergling x8  
  102  8:57  Baneling  
  102  8:58  Baneling x13  
  106  9:09  Hatchery  
  106  9:10  Zergling x2  
  106  9:11  Zergling x12  
  112  9:19  Overlord x3  
  112  9:30  Baneling  
  112  9:31  Baneling  
  112  9:40  Grooved Spines  
  112  9:43  Overlord  
  112  9:45  Zerg Ground Armor Level 2  
  112  9:46  Overlord  
  112  9:49  Spine Crawler  
  111  9:53  Drone  
  111  9:54  Drone x10  
  111  9:55  Zergling x2  
  111  9:56  Zergling x10  
  111  9:57  Overseer  
  128  10:14  Hive  
  128  10:17  Baneling  
  128  10:18  Baneling x7  
  128  10:23  Queen  
  128  10:26  Overlord x3  
  128  10:27  Overlord x2  
  130  10:29  Extractor  
  129  10:35  Extractor  
  129  10:38  Zergling x20  
  129  10:39  Zergling x8  
  142  10:49  Overseer  
  142  10:51  Muscular Augments  
  142  10:58  Zergling x22  
  142  10:59  Overseer  
  151  11:10  Zergling x2  
  151  11:11  Zergling x10  
  125  11:15  Baneling  
  125  11:16  Baneling x16  
  125  11:18  Zergling x4  
  103  11:39  Drone x2  
  105  11:44  Zergling x10  
  105  11:45  Zergling x14  
  117  11:50  Queen  
  117  11:53  Zerg Melee Weapons Level 2  
  118  12:08  Hatchery, Extractor  
  116  12:10  Extractor  
  116  12:12  Spine Crawler  
  116  12:13  Spore Crawler  
  116  12:14  Zergling x6  
  116  12:15  Zergling x18  
  125  12:16  Baneling x9  
  125  12:19  Hydralisk x2  
  129  12:27  Drone x2  
  129  12:28  Drone  
  132  12:30  Overseer x3  
  132  12:34  Overseer  
  132  12:45  Spore Crawler x2  
  132  12:47  Baneling x10  
  132  12:48  Hydralisk x4  
  132  12:49  Hydralisk  
  140  12:58  Greater Spire  
  140  12:59  Adrenal Glands  
  140  13:03  Lurker Den  
  139  13:15  Hydralisk x6  
  139  13:19  Baneling  
  151  13:21  Baneling x4  
  151  13:38  Ultralisk Cavern  
  151  13:39  Zerg Ground Armor Level 3  
  150  13:42  Drone x4  
  150  13:43  Drone  
  155  13:49  Spore Crawler  
  154  14:00  Hydralisk x9  
  172  14:11  Zerg Flyer Armor Level 1  
  172  14:12  Seismic Spines  
  136  14:33  Zergling x8  
  136  14:34  Zergling x28  
  152  14:42  Zergling x22  
  144  15:02  Zergling x6  
  144  15:03  Zergling x16  
  147  15:09  Adaptive Talons  
  147  15:10  Zergling x6  
  150  15:20  Baneling x8  
  150  15:25  Chitinous Plating  
  150  15:31  Zerg Melee Weapons Level 3  
  150  15:34  Overlord x5  
  150  15:47  Overlord x2  
  150  15:48  Baneling  
  150  15:49  Baneling x12  
  150  15:50  Baneling x11  
  150  15:51  Baneling x7  
  150  15:53  Overseer x4  
  150  15:57  Overseer  
  150  15:58  Overseer  
  150  16:10  Spore Crawler x2, Drone x2  
  150  16:11  Spine Crawler  
  149  16:14  Overseer  
  149  16:22  Baneling x12  
  148  16:27  Hatchery  
  148  16:28  Ultralisk  
  148  16:30  Extractor  
  152  16:34  Extractor  
  142  17:24  Overseer x2  
  96  18:00  Zergling x4  
  96  18:01  Zergling x54  
  96  18:02  Zergling x4  
  121  18:12  Hydralisk x4  
  121  18:13  Hydralisk x13  
  151  18:20  Drone  
  151  18:24  Baneling  
  151  18:25  Baneling x18  
  152  18:53  Overseer  
  151  18:58  Hydralisk x7  
  151  18:59  Hydralisk x10  
  121  19:07  Zergling x12  
  121  19:08  Zergling x2  
  128  19:13  Zergling x4  
  128  19:16  Baneling x5  
  126  19:30  Overseer x3  
  117  19:37  Zergling x2  
  117  19:38  Zergling x14  
  104  19:42  Zergling x2  
  104  19:43  Zergling x4  
  92  19:47  Zergling x4  
  92  19:51  Zergling x4  
  96  19:56  Zergling x6  
  93  20:07  Hydralisk x3  
  95  20:19  Zergling x2  
  95  20:20  Zergling x16  
  91  20:27  Roach  
  91  20:28  Roach x2  
  91  20:34  Zergling x2  
  91  20:35  Zergling x4  
  94  20:38  Hydralisk  
  76  20:50  Baneling x6  
  76  20:51  Hydralisk x2  
  80  21:04  Zergling x2  
  80  21:10  Hydralisk x5  
  83  21:23  Zergling x14  
  83  21:24  Overseer  
  86  21:31  Overseer  
  84  21:33  Zergling x8  
  77  21:41  Roach x2  
  77  21:46  Zergling x2  
  69  21:47  Zergling x4  
  67  21:58  Zergling x20  
  67  21:59  Zergling x4  
  76  22:10  Zergling x4  
  76  22:12  Overlord x3  
  71  22:32  Overseer  
  71  22:36  Overlord x2  
  71  22:42  Spawning Pool  
  68  22:59  Hatchery  
  56  23:10  Overlord x2  
  38  23:45  Hatchery  
  37  23:49  Extractor x2  
  37  23:53  Zergling x4  
  37  23:54  Zergling x2  
  38  24:02  Hatchery  
Tags
 
Add a new tag
Caveats
  • Supply blocks, unpowered buildings, or Contaminate may cause inaccurate times.
  • Supply counts are checked every 10 seconds.